 Dungeon Crawl Stone Soup version 0.25.0-26-g0c896c7088 (webtiles) character file.

Game seed: 13918179780562972796

626 mortelune the Chopper (level 7, -1/49 HPs)
             Began as a Demonspawn Chaos Knight on July 3, 2020.
             Was a Follower of Ashenzari.
             Slain by an orc warrior
             ... wielding a +0 scimitar
              (8 damage)
             ... on level 5 of the Dungeon.
             The game lasted 00:09:55 (7960 turns).

mortelune the Chopper (Demonspawn Chaos Knight)     Turns: 7960, Time: 00:09:56

Health: -1/49      AC: 18    Str: 12 (15) XL:     7   Next: 23%
Magic:  0/7        EV:  4    Int:  6 (11) God:    Ashenzari [*.....]
Gold:   63         SH:  2    Dex:  4 (10) Spells: 6/6 levels left

rFire    . . .     SeeInvis .   j - +1 hand axe
rCold    . . .     Gourm    .   g - +0 buckler (curse)
rNeg     . . .     Faith    .   m - +4 plate armour {ponderous}
rPois    .         Spirit   +   (no helmet)
rElec    .         Reflect  .   o - +0 cloak
rCorr    .         Harm     .   p - +0 pair of gloves
MR       .....                  (no boots)
Stlth    ..........             G - amulet of guardian spirit
HPRegen  0.16/turn              (no ring)
MPRegen  0.10/turn              (no ring)

@: berserk cooldown, slowed, very slow
A: blurry vision 1, clumsy 1, demonic guardian 1, deterioration 2, dopey 1,
frail 1, nightstalker 1, sturdy frame 1
a: Curse Item, Scrying, Renounce Religion


You were on level 5 of the Dungeon.
You worshipped Ashenzari.
Ashenzari was aware of your devotion.
You were very hungry.

You visited 1 branch of the dungeon, and saw 6 of its levels.

You collected 231 gold pieces.
You spent 168 gold pieces at shops.

Inventory:

Hand Weapons
 a - a +0 hand axe of chaos
 j - a +1 hand axe (weapon)
Armour
 b - a +2 leather armour
 g - a cursed +0 buckler (worn)
 m - a +4 plate armour of ponderousness (worn)
 o - a +0 cloak (worn)
 p - a +0 pair of gloves (worn)
Jewellery
 G - an amulet of guardian spirit (around neck)
Scrolls
 e - a scroll of fear
 i - 7 scrolls of identify
 k - 4 scrolls of magic mapping
 t - 2 scrolls of teleportation
 B - 4 scrolls of blinking
Potions
 l - a potion of ambrosia
 n - 4 potions of curing
 r - a potion of mutation {unknown}
Miscellaneous
 f - a phial of floods (inert)
Comestibles
 c - 7 rations


   Skills:
 + Level 4.8 Fighting
 * Level 5.6 Axes
 + Level 3.8 Armour
 - Level 0.8 Dodging
 + Level 1.0 Shields


You had 6 spell levels left.
You didn't know any spells.
Your spell library was empty.

Dungeon Overview and Level Annotations

Branches:
Dungeon (6/15)
 Temple: D:4-7

Altars:
Ashenzari
Fedhas
Hepliaklqana
Makhleb
Okawaru
Qazlal
Ru
Wu Jian
Zin

Shops:
D:5 ?

Annotations:
D:4 3 runed translucent doors, kathalu's ghost, amateur HuBe


Innate Abilities, Weirdness & Mutations

A weak demonic guardian rushes to your aid.
You are slightly more attuned to the shadows.
Your movements are slightly less encumbered by armour. (ER -2)
Scrolls take you a little longer to read.
You are clumsy. (Dex -2)
Your body often deteriorates upon taking damage.
You are dopey. (Int -2)
You are frail. (-10% HP)


Message History

Your plate armour prevents you from hitting the orc warrior.
The orc warrior is heavily wounded.
The orc warrior hits you but does no damage.
Your shadow imp hits the orc warrior but does no damage.
The orc warrior hits you with a +0 scimitar!
* * * LOW HITPOINT WARNING * * *
Your shadow imp completely misses the orc warrior.
Your shadow imp gestures at the orc warrior.
The orc warrior writhes in agony.
You feel better.
The orc warrior hits you with a +0 scimitar!
* * * LOW HITPOINT WARNING * * *
Your body deteriorates!
You feel dopey.
Your shadow imp disappears in a puff of smoke!
The orc warrior hits you but does no damage.
Really read with blurry vision while enemies are nearby? [Y]es or [N]o only, please.
Really read with blurry vision while enemies are nearby?
The orc warrior hits you with a +0 scimitar!
You die...

##.##...##........#
##..##...##.......#.
#....##..#.....#....
###..................
#....##..............
###....##......._.....
#.....##..............
##.....##.............
#....@o.>.###.........
##..........#.).....##.
#....####8..8##.....###
##...###......#.....# #
###(..###..####....###
#######..#_....##........
##.##.....###..###........
#..##.....#⌠.....#.#.....#
#.........###..###.###...#


You could see an orc warrior.

Vanquished Creatures
  A howler monkey (D:4)
  2 orc priests
  A hound (D:4)
  An iguana (D:4)
  3 worker ants (D:4)
  2 orc wizards (D:3)
  A worker ant zombie (D:5)
  4 gnolls (D:5)
  7 adders
  A shadow imp (D:5)
  An ooze (D:4)
  4 worms
  3 dart slugs
  2 leopard geckos
  9 orcs
  3 bats
  4 giant cockroaches
  7 goblins
  4 hobgoblins
  4 jackals
  2 quokkas
  2 ball pythons (D:4)
  4 kobolds
  8 rats
80 creatures vanquished.

Vanquished Creatures (collateral kills)
  A centaur (D:3)
  A scorpion (D:5)
  A crimson imp (D:5)
  2 orc wizards (D:3)
  An adder (D:4)
  An orc (D:3)
7 creatures vanquished.

Grand Total: 87 creatures vanquished

Notes
Turn   | Place    | Note
-------+----------+-------------------------------------------
     0 | D:1      | mortelune the Demonspawn Chaos Knight began the quest for
                  | the Orb.
     0 | D:1      | Reached XP level 1. HP: 18/18 MP: 1/1
    29 | D:1      | XOM: potion effect (stabbing)
   104 | D:1      | XOM: silly message
   242 | D:1      | XOM: silly message
   448 | D:1      | XOM: noise
   525 | D:1      | XOM: silly message
   597 | D:1      | Reached skill level 3 in Axes
   597 | D:1      | Gained mutation: A weak demonic guardian rushes to your
                  | aid. [demonic ancestry]
   597 | D:1      | Reached XP level 2. HP: 24/24 MP: 2/2
   947 | D:1      | XOM: silly message
  1050 | D:1      | XOM: divination: detect items
  1142 | D:1      | XOM: god gift: phial of floods
  1269 | D:2      | XOM: 1-stop teleportation journey
  1273 | D:2      | Found a shattered altar of Ashenzari.
  1281 | D:2      | XOM: 1-stop teleportation journey
  1340 | D:2      | Gained mutation: Your movements are slightly less
                  | encumbered by armour. (ER -2) [demonic ancestry]
  1340 | D:2      | Reached XP level 3. HP: 3/29 MP: 3/3
  1717 | D:2      | Found a blossoming altar of Fedhas.
  2021 | D:2      | Found an iron altar of Okawaru.
  2061 | D:2      | XOM: give mutations
  2061 | D:2      | Gained mutation: You are agile. (Dex +2) [Xom's mischief]
  2061 | D:2      | Gained mutation: You are dopey. (Int -2) [Xom's mischief]
  2061 | D:2      | Gained mutation: Scrolls take you a little longer to read.
                  | [Xom's mischief]
  2061 | D:2      | Lost mutation: You are agile. (Dex +2) [Xom's mischief]
  2410 | D:2      | XOM: god gift: shiny plate armour {god gift}
  2591 | D:2      | Fell from the grace of Xom
  2591 | D:2      | Became a worshipper of Ashenzari the Shackled
  2644 | D:3      | Noticed a centaur
  2794 | D:3      | Killed a centaur
  2794 | D:3      | Reached skill level 4 in Axes
  2794 | D:3      | Reached XP level 4. HP: 9/37 MP: 1/4
  3037 | D:3      | Reached XP level 5. HP: 42/42 MP: 5/5
  3052 | D:3      | Found a stormy altar of Qazlal.
  3748 | D:3      | XOM: torment (16/42 hp)
  4010 | D:3      | XOM: summons 2 hostile demons
  4351 | D:4      | Gained mutation: You are slightly more attuned to the
                  | shadows. [demonic ancestry]
  4351 | D:4      | Reached XP level 6. HP: 39/48 MP: 4/6
  4402 | D:4      | XOM: 1-stop teleportation journey
  4508 | D:4      | Reached skill level 5 in Axes
  4695 | D:4      | Found a hazy altar of Hepliaklqana.
  5058 | D:4      | XOM: give mutations
  5058 | D:4      | Gained mutation: Your body sometimes deteriorates upon
                  | taking damage. [Xom's mischief]
  5058 | D:4      | Gained mutation: You are clumsy. (Dex -2) [Xom's mischief]
  5058 | D:4      | Gained mutation: You are frail. (-10% HP) [Xom's mischief]
  5908 | D:4      | XOM: torment (25/44 hp)
  6284 | D:4      | XOM: summons 5 hostile demons
  6597 | D:4      | XOM: summons 5 hostile demons
  6792 | D:4      | Reached XP level 7. HP: 49/49 MP: 7/7
  6860 | D:4      | Found a runed translucent gate.
  6860 | D:4      | Found a runed translucent gate.
  6860 | D:4      | Found a runed translucent gate.
  6861 | D:4      | Noticed kathalu's ghost (amateur HuBe)
  6939 | D:5      | Entered Level 5 of the Dungeon
  7000 | D:5      | Found an ornate altar of the Wu Jian Council.
  7002 | D:5      | Found Heik Alo's Magic Scroll Shop.
  7009 | D:5      | Bought a scroll of blinking for 90 gold pieces
  7009 | D:5      | Bought a scroll of teleportation for 36 gold pieces
  7009 | D:5      | Bought a scroll of magic mapping for 42 gold pieces
  7056 | D:5      | XOM: noise
  7134 | D:5      | Reached skill level 1 in Shields
  7516 | D:5      | Found a glowing silver altar of Zin.
  7518 | D:5      | Found a burning altar of Makhleb.
  7565 | D:5      | Found a sacrificial altar of Ru.
  7824 | D:5      | XOM: give mutation
  7824 | D:5      | Gained mutation: Your body often deteriorates upon taking
                  | damage. [Xom's mischief]
  7907 | D:6      | Reached * piety under Ashenzari
  7960 | D:5      | Slain by an orc warrior

Illustrated notes

Levels and vault maps discovered:
D:1:      mainiacjoe_arrival_reflecting_pool, layout_basic,
          chequers_serial_rivers_small_b, minmay_misc_feat_rugged
D:2:      layout_loops_cross, overflow_temple_1_default, lemuel_doored_altar,
          fedhas_altar_3
D:3:      layout_rooms, nicolae_qazlal_general_emergency, chequers_big_river
D:4:      layout_basic, overflow_temple_1_default, gammafunk_ghost_necromancy,
          first_ration
D:5:      layout_cave_pools, kennysheep_mini, minitemple, serial_shops,
          shop_statue, basic_altar, kennysheep_boxes
D:6:      layout_basic, lightli_temple_of_fire, kennysheep_slug_shrine,
          minmay_temple_entry_sparse_star, serial_shops, shop, basic_altar,
          lightli_orcish_oven

Skill      XL: |  1  2  3  4  5  6  7 |
---------------+----------------------+-----
Axes           | 3 4 5 |  5.6
Armour         | 2 3 |  3.8
Fighting       | 4 |  4.8
Shields        | 1 |  1.0
Dodging        | |  0.8

Action                   |  1- 3 |  4- 6 |  7- 9 || total
-------------------------+-------+-------+-------++-------
Melee: Hand axe          |   121 |   331 |    93 ||   545
Invok: Curse Item        |       |     1 |       ||     1
Evoke: Phial of floods   |       |       |     1 ||     1
  Use: Scroll            |     5 |     3 |     2 ||    10
       Potion            |       |     1 |     5 ||     6
 Stab: Distracted        |       |     1 |     1 ||     2
  Eat: Chunk             |     4 |     8 |       ||    12
       Ration            |       |     2 |     1 ||     3
Armor: Leather armour    |    27 |       |       ||    27
       Plate armour      |    11 |   302 |    58 ||   371
Dodge: Dodged            |    56 |   103 |    13 ||   172
Block: Buckler           |     9 |    43 |    15 ||    67
